 Dungeon Crawl Stone Soup version 0.26.0-16-gc1dbca0489 (webtiles) character file.

Game seed: 10800762565447902565

130 inqbanana the Skirmisher (level 5, 0/55 HPs)
             Began as an Ogre Chaos Knight on Jan 20, 2021.
             Was a Plaything of Xom.
             Slain by a kobold
             ... wielding a +0 whip
              (7 damage)
             ... on level 2 of the Dungeon.
             The game lasted 00:01:41 (1404 turns).

inqbanana the Skirmisher (Ogre Chaos Knight)        Turns: 1404, Time: 00:01:42

Health: 0/55       AC:  5    Str: 16    XL:     5   Next: 14%
Magic:  5/5        EV: 10    Int: 14    God:    Xom [*.....]
Gold:   51         SH:  0    Dex:  8    Spells: 4/4 levels left

rFire    + . .     SeeInvis .   a - +1 mace (chaos)
rCold    + . .     Faith    .   (no shield)
rNeg     . . .     Spirit   .   b - +2 robe
rPois    .         Reflect  .   (helmet restricted)
rElec    .         Harm     .   f - scarf {rC+ rF+}
rCorr    .         Rampage  .   (gloves unavailable)
Will     .....                  (boots unavailable)
Stlth    +.........             (no amulet)
HPRegen  0.18/turn              (no ring)
MPRegen  0.09/turn              (no ring)

@: no status effects
A: large, unfitting armour, tough skin 1
a: Renounce Religion


You were on level 2 of the Dungeon.
You worshipped Xom.
You were a special plaything of Xom.
You visited 1 branch of the dungeon, and saw 2 of its levels.

You collected 51 gold pieces.

Inventory:

Hand Weapons
 a - a +1 mace of chaos (weapon)
Armour
 b - a +2 robe (worn)
 f - a scarf of resistance (worn)
Potions
 c - a potion of might


   Skills:
 + Level 4.9 Fighting
 * Level 3.8 Maces & Flails
 + Level 1.4 Armour
 + Level 2.8 Dodging


You had 4 spell levels left.
You didn't know any spells.
Your spell library was empty.

Dungeon Overview and Level Annotations

Branches:
Dungeon (2/15)

Altars:


Innate Abilities, Weirdness & Mutations

You are too large for most types of armour.
You have tough skin. (AC +1)


Message History

You barely miss the kobold. The kobold hits you with a +0 whip.
The kobold hits you.
You closely miss the kobold. The kobold barely misses you.
The kobold hits you but does no damage.
You hit the kobold but do no damage. The kobold hits you with a +0 whip.
The kobold hits you.
* * * LOW HITPOINT WARNING * * *
You closely miss the kobold. The kobold hits you with a +0 whip.
* * * LOW HITPOINT WARNING * * *
The kobold barely misses you.
You barely miss the kobold. The kobold hits you with a +0 whip.
* * * LOW HITPOINT WARNING * * *
The kobold barely misses you. The kobold misses you. The kobold hits you.
* * * LOW HITPOINT WARNING * * *
Unknown command.
You closely miss the kobold. The kobold hits you.
* * * LOW HITPOINT WARNING * * *
The kobold hits you with a +0 whip!
You die... "This toy is broken."

#####........# ##.###
...............#####.....
#. #####..###.....).....#
#..,* #..# #..#####..#..
#...* #..# #..# #..###
##...####..# #..# #.....
........#..#,...# #...<.
...$....KK.#.##.#***#.....
.......(#@##. #...........
##...####(##,*#######.....
.... * #.#*,** #..... ..
...,, , , #..... **###..,
, ,* #..... * ...,
,*####.. * *,.... ,, , #..
* ,#.#..,,, * *, ###.. *,


You could see 2 kobolds.

Vanquished Creatures
  An orc wizard (D:2)
  Natasha (twice) (D:2)
  A worker ant (D:2)
  A leopard gecko (D:1)
  3 orcs (D:2)
  A ball python (D:1)
  A bat (D:1)
  4 giant cockroaches
  5 goblins
  2 hobgoblins (D:1)
  3 kobolds
  A rat (D:1)
25 creatures vanquished.

Vanquished Creatures (others)
  An orc wizard (D:2)
1 creature vanquished.

Grand Total: 26 creatures vanquished

Notes
Turn   | Place    | Note
-------+----------+-------------------------------------------
     0 | D:1      | inqbanana the Ogre Chaos Knight began the quest for the
                  | Orb.
     0 | D:1      | Reached XP level 1. HP: 24/24 MP: 1/1
   143 | D:1      | XOM: divination: detect creatures
   178 | D:1      | Reached XP level 2. HP: 31/32 MP: 2/2
   305 | D:1      | XOM: silly message
   482 | D:1      | XOM: silly message
   721 | D:1      | XOM is BORED!
   721 | D:1      | XOM: noise
   856 | D:2      | XOM: confuse monster(s)
   858 | D:2      | Reached XP level 3. HP: 4/40 MP: 3/3
   859 | D:2      | Reached skill level 1 in Armour
   859 | D:2      | Reached XP level 4. HP: 5/49 MP: 4/4
   859 | D:2      | XOM: silly message
   859 | D:2      | HP: 2/49 [orc/+0 flail (4)]
   860 | D:2      | Xom revived you
  1216 | D:2      | Noticed Natasha
  1225 | D:2      | XOM: divination: magic mapping
  1229 | D:2      | XOM: silly message
  1233 | D:2      | XOM: fake destruction
  1249 | D:2      | Killed Natasha
  1380 | D:2      | Noticed Natasha
  1387 | D:2      | Killed Natasha
  1388 | D:2      | Reached XP level 5. HP: 37/55 MP: 5/5
  1404 | D:2      | Slain by a kobold

Illustrated notes

Levels and vault maps discovered:
D:1:      dpeg_arrival_rooms_a, layout_loops_ring, hex_medium
D:2:      layout_loops_ring, uniq_natasha

Skill      XL: |  1  2  3 |
---------------+----------+-----
Maces & Flails | 3 |  3.8
Armour         | 1 |  1.4
Fighting       | |  4.9
Dodging        | |  2.8

Action                   |  1- 3 |  4- 6 || total
-------------------------+-------+-------++-------
Melee: Mace              |    42 |    43 ||    85
  Use: Potion            |     2 |       ||     2
       Scroll            |     2 |     3 ||     5
 Stab: Sleeping          |     1 |       ||     1
Armor: Robe              |    22 |    17 ||    39
Dodge: Dodged            |    21 |    33 ||    54
